cohdb
Replays
Latest Replays
All Replays
Popular Replays
Top Player Replays
Match Explorer
How It Works
Community
CoH3 Stats
Reddit
Sign in to upload your games and track your stats! →
Sign in with Steam
Match 39843289
Unlisted
Match 39843289
Overview
Messages
Build Orders
End
Construct Infanterie Kompanie
Selects Terror Battlegroup
Selects Machine Gun Camouflage
Grenadier Squad
GrW 34 Mortar Team
Grenadier Squad
Grenadier Squad
MG 42 Machine Gun Team
Construct Panzergrenadier Kompanie
251 Medium Carrier
Pak 40 Anti-tank Gun Team
Support Elements
Panzergrenadier Squad
StuG III G Assault Gun
MG 42 Machine Gun Team
Selects No Quarter
Panzergrenadier Officer Quarters
MG 42 Machine Gun Team
StuG III G Assault Gun
Selects Contempt for the Weak
Selects Propaganda Leaflet Drop
Propaganda Leaflet Drop
Propaganda Leaflet Drop
Pioneer Squad
Propaganda Leaflet Drop
Medical Bunker
Selects V1 Rocket Strike
Panzergrenadier Squad
Panzergrenadier Squad
Pak 40 Anti-tank Gun Team
Panzergrenadier Squad
Sarmynation
austinZeroThree
IxEuphoricxI
Eggsellent
0
0
Comments
sign in to comment!
No comments posted yet!